 Dungeon Crawl Stone Soup version 0.32-a0-350-g4f4d228785 (webtiles) character file.

Game seed: 1424382967682326031

10865 Bobbunny the Grappler (level 11, -2/74 HPs)
             Began as an Octopode Shapeshifter on Feb 17, 2024.
             Was an Initiate of Gozag.
             Slain by a yak (10 damage)
             ... on level 9 of the Dungeon.
             The game lasted 00:15:29 (10750 turns).

Bobbunny the Grappler (Octopode Shapeshifter)      Turns: 10750, Time: 00:15:30

Health: -2/74      AC:  1    Str: 22    XL:     11   Next: 68%
Magic:  11/11      EV: 17    Int: 13    God:    Gozag
Gold:   655        SH: 13    Dex: 19    Spells: 10/10 levels left

rFire   . .          .
                       - Unarmed
rCold   . . .        B - +2 kite shield {reflect}
rNeg    . . .        k - +0 hat {Stlth+}
rPois   .            (no amulet)
rElec   .            z - +5 ring of evasion
rCorr   +            H - +6 ring of strength
SInv    .            I - ring of resist corrosion
Will    .....        t - +6 ring of dexterity
Stlth   +++++        (no ring)
HPRegen 0.32/turn    (no ring)
MPRegen 0.12/turn    (no ring)
                     (no ring)

%: reflection
@: maw-form, gold aura
A: devouring maw, almost no armour, amphibious, 8 rings, camouflage 1,
gelatinous body 1, (nimble swimmer 1), tentacles
a: Begin Untransformation, Renounce Religion, Potion Petition, Call Merchant,
Bribe Branch


You were on level 9 of the Dungeon.
You worshipped Gozag.
Gozag was pleased with you.
You were a creature with a mouth for a stomach.
You visited 1 branch of the dungeon, and saw 10 of its levels.

You collected 1679 gold pieces.
You spent 946 gold pieces at shops.
You paid 78 gold pieces to Gozag.

Inventory:

Missiles
 f - 37 poisoned darts
 g - 2 atropa-tipped darts (quivered)
 j - 8 javelins
 x - 3 boomerangs
Armour
 k - a +0 hat of stealth (worn)
 B - a +2 kite shield of reflection (worn)
Jewellery
 t - a +6 ring of dexterity (on tentacle)
 z - a +5 ring of evasion (left tentacle)
 C - a ring of magical power
 H - a +6 ring of strength (right tentacle)
 I - a ring of resist corrosion (on tentacle)
Talismans
 y - a maw talisman (active)
 A - a serpent talisman
Wands
 b - a wand of iceblast (1)
 c - a wand of paralysis (5)
 p - a wand of flame (31)
 G - a wand of mindburst (12)
Scrolls
 d - a scroll of amnesia
 i - a scroll of fear
 l - 5 scrolls of teleportation
 r - a scroll of silence
 s - a scroll of torment
 u - 4 scrolls of vulnerability
Potions
 a - 4 potions of lignification
 e - a potion of ambrosia
 h - a potion of curing
 m - a potion of heal wounds
 n - a potion of brilliance
 o - 2 potions of invisibility
 q - a potion of cancellation
 v - 2 potions of mutation
 D - a potion of attraction
 E - 2 potions of berserk rage


   Skills:
 + Level 6.7 Fighting
 - Level 2.0 Dodging
 - Level 4.0 Stealth
 + Level 6.0 Shields
 - Level 12.0 Unarmed Combat
 - Level 10.0 Shapeshifting


You had 10 spell levels left.
You didn't know any spells.
Your spell library contained the following spells:

 Spells                   Type           Power      Damage    Failure   Level
 Apportation              Tloc           0%         N/A       54%         1
 Necrotise                Necr           0%         1d4       54%         1
 Sting                    Conj/Alch      0%         1d3       54%         1
 Summon Small Mammal      Summ           0%         N/A       54%         1
 Call Imp                 Summ           0%         N/A       67%         2
 Cigotuvi's Dreadful Rot  Necr/Alch/Air  0%         N/A       67%         2
 Static Discharge         Conj/Air       0%         3-3/arc   67%         2
 Sublimation of Blood     Necr           0%         N/A       67%         2
 Inner Flame              Hex/Fire       0%         N/A       88%         3
 Swiftness                Air            0%         N/A       88%         3
 Tukima's Dance           Hex            0%         N/A       88%         3
 Airstrike                Air            0%         2d(0-16)  99%         4
 Dimensional Bullseye     Hex/Tloc       0%         N/A       99%         4
 Dispel Undead            Necr           0%         3d6       99%         4
 Flame Wave               Conj/Fire      0%         2d4       99%         4
 Iskenderun's Mystic Bla  Conj/Tloc      0%         2d3       99%         4
 Martyr's Knell           Necr/Summ      0%         N/A       99%         4
 Sticky Flame             Fire/Alch      0%         2d4       99%         4
 Death Channel            Necr           0%         N/A       100%        6
 Summon Hydra             Summ           0%         N/A       100%        7


Dungeon Overview and Level Annotations

Branches:
Dungeon (10/15)            Temple (0/1) D:7
   Lair: D:8-11         Orc: D:9-12

Altars:
Elyvilon
Fedhas
Gozag
Kikubaaqudgha
Nemelex Xobeh
Okawaru
Qazlal
Sif Muna
Uskayaw
Yredelemnul
Zin
Beogh

Shops:
D:8 =

Annotations:
D:1 2 runed translucent doors
D:9 3 runed translucent doors, Drazool's ghost, novice MDFi
D:10 3 runed translucent doors, TheLasagnaBaron's ghost, journeyman FeEn


Innate Abilities, Weirdness & Mutations

You are a creature with a mouth for a stomach.
Your midsection houses a second, enormous mouth.
You cannot wear most types of armour.
You are amphibious.
You can wear up to eight rings at the same time.
Your skin changes colour to match your surroundings (Stealth+).
Your rubbery body absorbs attacks. (AC +1, EV +1)
((You are camouflaged when in or above water. (Stealth+)))
You have tentacles for arms and can constrict up to eight enemies at once.


Message History

You block the yak's attack.
You climb upwards.
Level annotation: 3 runed translucent doors, Drazool's ghost, novice MDFi
There is a stone staircase leading down here.
You batter the yak!! You squeeze the yak! Your bite misses the yak.
The yak is almost dead.
You block the yak's attack. x3; The yak barely misses you.
You bludgeon the yak!
You kill the yak!
The yak barely misses you. The yak gores you! You block the yak's attack.
You tentacle-slap the yak but do no damage.
The yak completely misses you. You block the yak's attack.
You batter the yak!! You squeeze the yak, but do no damage. You bite the yak!
The yak is severely wounded.
The yak gores you! The yak barely misses you. You block the yak's attack.
You bludgeon the yak!
You kill the yak!
The yak gores you! You block the yak's attack.
Your Shields skill increases to level 6!
You bludgeon the yak! You squeeze the yak, but do no damage. You bite the yak.
The yak is moderately wounded.
You block the yak's attack. The yak gores you!
* * * LOW HITPOINT WARNING * * *
You tentacle-slap the yak but do no damage.
You bite the yak!
The yak is severely wounded.
The yak gores you!
* * * LOW HITPOINT WARNING * * *
The yak barely misses you.
You feel much better. You block the yak's attack. The yak gores you!
* * * LOW HITPOINT WARNING * * *
You bludgeon the yak! You squeeze the yak, but do no damage.
The yak is almost dead.
You block the yak's attack.
You tentacle-slap the yak but do no damage.
You bite the yak.
You kill the yak!
The yak gores you!
You die...
Your body crumbles into a pile of gold.

#########.##...####...#..W.......
..#..####.##...####'.##..###.....
..#..................#..# ....5#
..#..)......)[.......#5.# ..=...#
..#..[...............#..# ...!.##
.########...##.##'##.##..##?[###.
.####..##'####.##.##..#...####...
...............Y$$[#..##.........
................W..#...#........Y
.................$.'...##......5#
.####.##....##.##'####..###+++###
#####.##....##.##.####...........
...............#..........#......
...............#..........#......
.(........>....#..........#......
.##..###..##...##...##...##.##...
###'####..##...#######...##.#####


You could see a yak.

Vanquished Creatures
  Gastronok (D:9)
  Erica (D:10)
  2 two-headed ogres
  Jeremiah (D:9)
  Psyche (D:8)
  2 komodo dragons (D:10)
  A troll (D:10)
  A shadow (D:10)
  14 yaks
  A wyvern (D:9)
  An acid dragon (D:9)
  3 water moccasins
  4 orc warriors
  A sky beast (D:7)
  5 black bears
  An ogre (D:5)
  3 centaurs (D:9)
  A phantom (D:4)
  4 bullfrogs
  2 gnoll sergeants
  6 scorpions
  9 wights
  4 killer bees (D:8)
  6 howler monkeys
  An electric eel (D:7)
  2 hounds
  A jelly (D:8)
  A bombardier beetle (D:5)
  7 orc priests
  Jessica (D:3)
  6 iguanas
  2 sleepcaps
  11 orc wizards
  15 gnolls
  6 adders
  A shadow imp (D:6)
  6 white imps
  2 ufetubi
  2 dart slugs
  2 ribbon worms
  27 orcs
  5 endoplasms
  2 giant cockroaches (D:3)
  4 goblins
  4 hobgoblins
  7 jackals
  12 kobolds
  4 quokkas
  7 ball pythons
  11 bats
  2 rats (D:2)
226 creatures vanquished.

Notes
Turn   | Place    | Note
-------+----------+-------------------------------------------
     0 | D:1      | Bobbunny the Octopode Shapeshifter began the quest for the
                  | Orb.
     0 | D:1      | Reached XP level 1. HP: 13/13 MP: 1/1
    37 | D:1      | Found a large runed translucent door.
    37 | D:1      | Found a large runed translucent door.
    38 | D:1      | Noticed an orc priest
    39 | D:1      | Found a roughly hewn altar of Beogh.
    39 | D:1      | Noticed an orc priest
    40 | D:1      | Noticed an orc warrior
    40 | D:1      | Noticed an orc wizard
    75 | D:1      | Reached skill level 1 in Stealth
    75 | D:1      | Reached XP level 2. HP: 18/18 MP: 2/2
   150 | D:1      | Reached XP level 3. HP: 22/23 MP: 3/3
  1017 | D:2      | Reached XP level 4. HP: 29/29 MP: 4/4
  1263 | D:3      | Reached XP level 5. HP: 26/35 MP: 5/5
  1322 | D:3      | Noticed Jessica
  1328 | D:3      | Killed Jessica
  1538 | D:3      | Found an ancient bone altar of Kikubaaqudgha.
  1581 | D:3      | Reached skill level 4 in Unarmed Combat
  1863 | D:4      | Noticed a phantom
  1870 | D:4      | Found a hide-covered altar of Uskayaw.
  1877 | D:4      | Killed a phantom
  1878 | D:4      | Reached XP level 6. HP: 32/42 MP: 6/6
  2621 | D:4      | Found a shimmering blue altar of Sif Muna.
  3009 | D:5      | Entered Level 5 of the Dungeon
  3015 | D:5      | Noticed a black bear
  3022 | D:5      | Killed a black bear
  3023 | D:5      | Reached XP level 7. HP: 44/47 MP: 7/7
  3047 | D:5      | Found a sparkling altar of Nemelex Xobeh.
  3047 | D:5      | Found an opulent altar of Gozag.
  3053 | D:5      | Became a worshipper of Gozag Ym Sagoz the Greedy
  3161 | D:5      | Reached skill level 5 in Unarmed Combat
  3177 | D:5      | Got the Incunable of Feathers
  3260 | D:5      | Reached skill level 5 in Shapeshifting
  3536 | D:5      | Reached XP level 8. HP: 37/54 MP: 8/8
  3792 | D:5      | Reached skill level 5 in Fighting
  3792 | D:5      | Reached skill level 6 in Unarmed Combat
  4051 | D:6      | Identified the +3 hand axe "Goderol" {flame, Str+5 Int+3}
  4591 | D:6      | Reached skill level 7 in Unarmed Combat
  4668 | D:6      | Reached XP level 9. HP: 43/61 MP: 9/9
  5633 | D:7      | Reached skill level 8 in Unarmed Combat
  5638 | D:7      | Found a staircase to the Ecumenical Temple.
  6050 | D:7      | Found a glowing silver altar of Zin.
  6425 | D:8      | Noticed Psyche
  6431 | D:8      | Killed Psyche
  6711 | D:8      | Found Muturu's Jewellery Shop.
  6715 | D:8      | Bought a +6 ring of strength for 396 gold pieces
  6805 | D:8      | Reached skill level 9 in Unarmed Combat
  6839 | D:8      | Found a basalt altar of Yredelemnul.
  7132 | D:8      | Reached XP level 10. HP: 54/66 MP: 10/10
  7567 | D:9      | Noticed Jeremiah
  7913 | D:9      | Reached skill level 10 in Unarmed Combat
  8011 | D:8      | Bought a maw talisman for 330 gold pieces
  8011 | D:8      | Bought a ring of resist corrosion for 220 gold pieces
  8266 | D:9      | Found a runed translucent gate.
  8269 | D:9      | Found a runed translucent gate.
  8270 | D:9      | Found a runed translucent gate.
  8294 | D:9      | HP: 1/57 [Jeremiah/divine providence (16)]
  8295 | D:9      | Killed Jeremiah
  8738 | D:9      | Noticed Drazool's ghost (novice MDFi)
  8795 | D:9      | Reached skill level 1 in Shields
  8795 | D:9      | Noticed a two-headed ogre
  8804 | D:9      | Noticed Gastronok
  8849 | D:9      | Reached skill level 10 in Shapeshifting
  9010 | D:9      | Killed Gastronok
  9011 | D:9      | Reached skill level 11 in Unarmed Combat
  9011 | D:9      | Reached XP level 11. HP: 71/71 MP: 11/11
  9309 | D:9      | Found a blossoming altar of Fedhas.
  9315 | D:9      | Found a stormy altar of Qazlal.
  9483 | D:9      | Killed a two-headed ogre
  9592 | D:10     | Entered Level 10 of the Dungeon
  9600 | D:10     | Found a runed translucent gate.
  9601 | D:10     | Found a runed translucent gate.
  9602 | D:10     | Found a runed translucent gate.
  9608 | D:10     | Noticed TheLasagnaBaron's ghost (journeyman FeEn)
  9670 | D:10     | Reached skill level 5 in Shields
  9803 | D:10     | Noticed Erica
  9812 | D:10     | Killed Erica
  9978 | D:10     | Found a white marble altar of Elyvilon.
 10300 | D:10     | Noticed a two-headed ogre
 10309 | D:10     | Killed a two-headed ogre
 10310 | D:10     | Reached skill level 12 in Unarmed Combat
 10508 | D:10     | Found an iron altar of Okawaru.
 10750 | D:9      | Slain by a yak

Illustrated notes

Levels and vault maps discovered:
D:1:      erik_arrival_cave_to_civilisation [erik_arrival_cave_to_temple],
          layout_rooms, minmay_statues_item, grunt_decor_mini_mirrors
D:2:      layout_basic, serial_bayou_pond_e
D:3:      minmay_wonky_spiral, layout_loops_ring, mainiacjoe_overflow_alcove_2,
          serial_bayou_pond_d, uniq_jessica
D:4:      layout_layer_cave, nicolae_uskayaw_dance_hall,
          kennysheep_orc_sif_temple
D:5:      layout_rooms, grunt_temple_overflow_opulence
D:6:      layout_loops_ring
D:7:      layout_basic, mainiacjoe_overflow_boulevard,
          minmay_temple_entry_sparse_star, minivault_4, billiards_dpeg
D:8:      layout_loops_ring, overflow_temple_1_default, serial_shops,
          nicolae_shop_gaudy_bauble, uniq_psyche
D:9:      layout_gridville, grunt_temple_overflow_forces_of_nature,
          gammafunk_ghost_icy, uniq_jeremiah, uniq_gastronok
D:10:     layout_long_grid, okawaru_altar_gauntlet_db,
          mainiacjoe_overflow_catwalk, grunt_lair_entry_orc_guard_hut,
          gammafunk_ghost_nasty_kobolds, uniq_erica

Skill      XL: |  1  2  3  4  5  6  7  8  9 10 11 |
---------------+----------------------------------+-----
Stealth        | 1 2 3 4 |  4.0
Fighting       | 2 3 4 5 6 |  6.7
Unarmed Combat | 4 5 7 9 11 12 | 12.0
Shapeshifting  | 4 5 6 8 10 | 10.0
Shields        | 4 6 |  6.0
Dodging        | |  2.0

Action                     |  1- 3 |  4- 6 |  7- 9 | 10-12 || total
---------------------------+-------+-------+-------+-------++-------
  Melee: Unarmed           |    53 |    94 |   246 |   199 ||   592
         Constrict         |    11 |    27 |    75 |    29 ||   142
         Tentacles         |     9 |    20 |    72 |    55 ||   156
         Punch             |     2 |     6 |     7 |    17 ||    32
         Maw               |       |       |       |    52 ||    52
  Throw: Dart              |       |       |     3 |     7 ||    10
         Javelin           |       |       |       |     7 ||     7
    Use: Scroll            |       |       |     6 |    13 ||    19
         Potion            |       |       |       |     3 ||     3
   Stab: Sleeping          |     3 |    11 |     7 |     3 ||    24
         Distracted        |       |       |     3 |     1 ||     4
         Invisible         |       |       |     1 |       ||     1
 Armour: Skin              |    21 |    24 |    84 |    65 ||   194
  Dodge: Dodged            |    39 |    52 |   166 |   122 ||   379
  Block: Kite shield       |       |       |       |    23 ||    23
         Reflection        |       |       |       |     5 ||     5
   Form: Flux              |       |       |     1 |       ||     1
         Maw               |       |       |       |     1 ||     1

Table legend: (Time is in decaauts)
 A = Elapsed time spent in this place.
 B = Non-inter-level travel time spent in this place.
 C = Inter-level travel time spent in this place.
 D = Time resting spent in this place.
 E = Time spent auto-exploring this place.
 F = Levels seen in this place.
 G = Mean time per level.
                   A        B        C        D        E       F      G
               +--------+--------+--------+--------+--------+-----+--------+
         Total |  10727 |  10109 |    618 |   3138 |   5097 |  10 | 1072.7 |
       Dungeon |  10727 |  10109 |    618 |   3138 |   5097 |  10 | 1072.7 |
               +--------+--------+--------+--------+--------+-----+--------+

Top non-repeatable levels by time:
     D:8: 1854 daAuts
     D:9: 1518 daAuts
     D:6: 1282 daAuts
     D:4: 1226 daAuts
     D:7: 1082 daAuts
    D:10: 1078 daAuts
     D:5: 911 daAuts
     D:1: 789 daAuts
     D:3: 681 daAuts
     D:2: 301 daAuts
